 Dungeon Crawl Stone Soup version 0.20-a0-1122-gb7cbeb9 (webtiles) character file.

57 ChaseSP the Chiller (level 4, 27/30 HPs)
             Began as a Merfolk Ice Elementalist on Nov 28, 2016.
             Quit the game on level 2 of the Dungeon on May 13, 2017.
             The game lasted 00:05:15 (1291 turns).

ChaseSP the Chiller (Merfolk Ice Elementalist)      Turns: 1291, Time: 00:05:15

Health: 27/30      AC:  3    Str:  8    XL:     4   Next: 0%
Magic:  7/7        EV: 12    Int: 15    God:
Gold:   72         SH:  0    Dex: 12    Spells: 3/7 levels left

rFire    . . .     SeeInvis .   f - +0 hand axe
rCold    . . .     Gourm    .   (no shield)
rNeg     . . .     Faith    .   g - +0 leather armour
rPois    .         Spirit   .   (helmet restricted)
rElec    .         Reflect  .   (no cloak)
rCorr    .         Harm     .   (no gloves)
MR       .....     Rnd*Rage +   (no boots)
Stlth    ++........             (no amulet)
Regen    0.1/turn               (no ring)
MPRegen  0.1/turn               (no ring)

@: no status effects
A: change form in water, swift swim, stealthy swim, horns 1, berserk 1, blink,
clumsy 1
a: Blink


You were on level 2 of the Dungeon.
You were not hungry.

You visited 1 branch of the dungeon, and saw 2 of its levels.

You collected 72 gold pieces.

Inventory:

Hand Weapons
 f - a +0 hand axe (weapon)
Armour
 g - a +0 leather armour (worn)
Jewellery
 i - an uncursed ring of fire
Wands
 o - a wand of random effects (9/48)
Scrolls
 a - a scroll of amnesia {unknown}
 e - a scroll of teleportation {unknown}
 h - a scroll of remove curse {unknown}
 j - 3 scrolls of identify {unknown}
 k - a scroll of recharging {unknown}
 n - a scroll of magic mapping {unknown}
Potions
 l - a potion of mutation
Books
 b - a book of Frost

   Spells                             Type                      Level
   a - Freeze                         Ice                          1
   b - Throw Frost                    Conjuration/Ice              2
   c - Ozocubu's Armour               Charms/Ice                   3
   d - Throw Icicle                   Conjuration/Ice              4
   e - Summon Ice Beast               Ice/Summoning                4
Comestibles
 c - a bread ration
 d - 10 chunks of flesh
 m - 2 meat rations


   Skills:
 - Level 2.6 Dodging
 - Level 2.1 Stealth
 - Level 2.0 Spellcasting
   Level 0.7 Conjurations
 + Level 1.2 Charms
 * Level 5.0 Ice Magic


You had 3 spell levels left.
You knew the following spells:

 Your Spells              Type           Power        Failure   Level  Hunger
a - Freeze                Ice            ###.         4%          1    #......
b - Ozocubu's Armour      Chrm/Ice       ##......     26%         3    ###....


Dungeon Overview and Level Annotations

Branches:
Dungeon (2/15)

Altars:


Innate Abilities, Weirdness & Mutations

You revert to your normal form in water.
You are very nimble and swift while swimming.
You are very stealthy in the water. (Stealth+)
You have a pair of small horns on your head.
You tend to lose your temper in combat.
You can translocate small distances at will.
You are clumsy. (Dex -2)


Message History

The goblin closely misses you.
You barely miss the goblin. The goblin hits you with a club.
You hit the goblin. You headbutt the goblin.
You kill the goblin!
You have reached level 4!
Things that are here:
a club; a goblin corpse You butcher the goblin corpse.
d - 11 chunks of flesh (gained 3)
Things that are here:
a club; a goblin skeleton
Okay, then.
Some of the chunks of flesh in your inventory have rotted away.
You open the door.
An adder comes into view.
There is an open door here.
Okay, then.
Quiver which item? (- for none, * to show all) (? for menu, Esc to quit)
Okay, then.
Are you sure you want to abandon this character and quit the game? (Confirm with "yes".)

........# #.......(
........#############........
..>.....÷....................
....<...############.........
.#+####)# ########.........
#.# #[........#####.. #.#
#.........## #.. #.#
###......÷...## #.(
..######.# #.@...........#
#..
.........###.#...........#
#..
.............#...........#
##.
........######...........# #.
........# #........#..####.
######### #S.......#.......
#................
#......##........ .......
##.......


You could see an adder (wandering).

Vanquished Creatures
  Terence (D:2)
  4 worms (D:2)
  A dart slug (D:2)
  A bat (D:2)
  3 goblins
  3 hobgoblins
  2 frilled lizards
  3 kobolds (D:1)
  6 rats
24 creatures vanquished.

Notes
Turn   | Place    | Note
-------+----------+-------------------------------------------
     0 | D:1      | ChaseSP the Merfolk Ice Elementalist began the quest for the Orb.
     0 | D:1      | Reached XP level 1. HP: 13/13 MP: 3/3
   320 | D:1      | Reached XP level 2. HP: 19/19 MP: 5/5
   323 | D:1      | Upgraded the game from 0.20-a0-214-gb74cb0e to 0.20-a0-223-g066d66b
   323 | D:1      | Upgraded the game from 0.20-a0-223-g066d66b to 0.20-a0-1122-gb7cbeb9
   344 | D:1      | Reached skill level 4 in Ice Magic
   682 | D:2      | Noticed Terence
   699 | D:2      | Gained mutation: You can translocate small distances at will. [potion of mutation]
   699 | D:2      | Gained mutation: You are clumsy. (Dex -2) [potion of mutation]
   699 | D:2      | Gained mutation: You tend to lose your temper in combat. [potion of mutation]
   699 | D:2      | Gained mutation: You have a pair of small horns on your head. [potion of mutation]
   707 | D:2      | Killed Terence
   707 | D:2      | Reached XP level 3. HP: 2/24 MP: 1/6
   788 | D:2      | Learned a level 3 spell: Ozocubu's Armour
  1108 | D:2      | Reached skill level 1 in Charms
  1213 | D:2      | Reached skill level 5 in Ice Magic
  1275 | D:2      | Reached XP level 4. HP: 25/30 MP: 7/7
  1291 | D:2      | Quit the game

Vault maps used:
D:1:      elethiomel_arrival_shortcut
D:2:      uniq_crazy_yiuf_cottage, uniq_terence

Skill      XL: |  1  2  3 |
---------------+----------+-----
Ice Magic      | 4 5 |  5.0
Charms         | 1 |  1.2
Dodging        | |  2.6
Stealth        | |  2.1
Spellcasting   | |  2.0
Conjurations   | |  0.7

Action                   |  1- 3 |  4- 6 || total
-------------------------+-------+-------++-------
Melee: Hand axe          |    67 |       ||    67
       Headbutt          |     4 |       ||     4
 Cast: Freeze            |    21 |       ||    21
  Use: Potion            |     4 |       ||     4
 Stab: Sleeping          |     4 |       ||     4
  Eat: Chunk             |     2 |       ||     2
Armor: Leather armour    |    14 |       ||    14
       Skin              |     5 |       ||     5
Dodge: Dodged            |    40 |       ||    40
